 Dungeon Crawl Stone Soup version 0.29.1-15-g9cfb28693d (webtiles) character file.

Game seed: 10600169640514563611

338 Gabide the Cutter (level 6, -4/34 (40) HPs)
             Began as a Kobold Monk on Mar 2, 2023.
             Slain by a wight
             ... wielding a +1 long sword
              (12 damage)
             ... on level 3 of the Dungeon.
             The game lasted 00:04:30 (3178 turns).

Gabide the Cutter (Kobold Monk)                     Turns: 3178, Time: 00:04:31

HP:   -4/34 (40)    AC:  2    Str:  8    XL:     6   Next: 86%
MP:   6/6           EV: 18    Int: 11    God:
Gold: 107           SH:  0    Dex: 20    Spells: 5/5 levels left

rFire   . . .      SeeInvis .   a - +1 short sword
rCold   . . .      Faith    .   (no shield)
rNeg    . . .      Spirit   .   b - +0 robe
rPois   .          Reflect  .   (no helmet)
rElec   .          Harm     .   (no cloak)
rCorr   .          Rampage  .   (no gloves)
Will    .....                   (no boots)
Stlth   ++++......              (no amulet)
HPRegen 0.11/turn               (no ring)
MPRegen 0.10/turn               (no ring)

@: flying, heavily drained
A: small, no large weapons, nightstalker 3
a: no special abilities


You were on level 3 of the Dungeon.
You visited 1 branch of the dungeon, and saw 3 of its levels.

You collected 107 gold pieces.

Inventory:

Hand Weapons
 a - a +1 short sword (weapon)
Missiles
 f - 2 poisoned darts (quivered)
Armour
 b - a +0 robe (worn)
Jewellery
 e - an amulet of the acrobat
Scrolls
 g - 2 scrolls of immolation
 i - 2 scrolls of identify
 k - 2 scrolls of amnesia
Potions
 c - a potion of brilliance
 h - a potion of ambrosia
 n - a potion of mutation


   Skills:
 + Level 4.8 Fighting
 + Level 5.8 Short Blades
 + Level 5.2 Dodging
 + Level 5.2 Stealth


You had 5 spell levels left.
You didn't know any spells.
Your spell library contained the following spells:

 Spells                   Type           Power      Damage    Failure   Level
 Beastly Appendage        Tmut           0%         N/A       34%         1
 Ensorcelled Hibernation  Hex/Ice        0%         N/A       47%         2
 Passwall                 Tmut/Erth      0%         N/A       47%         2
 Sublimation of Blood     Necr           0%         N/A       47%         2
 Wereblood                Tmut           0%         N/A       47%         2
 Spider Form              Tmut/Pois      0%         N/A       71%         3
 Swiftness                Air            0%         N/A       71%         3
 Summon Hydra             Summ           0%         N/A       100%        7


Dungeon Overview and Level Annotations

Branches:
Dungeon (3/15)

Altars:


Innate Abilities, Weirdness & Mutations

You are small and have problems with some larger weapons.
You are completely attuned to the shadows.


Message History

The wight attacks as you move away! The wight barely misses you.
The wight attacks as you move away!
The wight hits you with a +1 long sword.
The wight attacks as you move away! The wight completely misses you.
You see here a +0 leather armour.
Okay, then.
It was a potion of flight.
You feel very buoyant.
You fly up into the air.
The wight hits you with a +1 long sword.
You feel drained.
Okay, then.
Unknown command.
As you read the scroll labelled XOUPIPTEMN, it crumbles to dust.
It is a scroll of amnesia.
You feel forgetful for a moment. The wight barely misses you.
As you read the scroll labelled ZACABY NEXT, it crumbles to dust.
It is a scroll of enchant weapon.
Your +0 short sword glows red for a moment.
The wight closely misses you.
You hit the wight but do no damage.
The wight hits you with a +1 long sword!
You feel drained.
You hit the wight but do no damage. The wight misses you.
You puncture the wight!
The wight is heavily damaged.
The wight hits you with a +1 long sword!
You closely miss the wight.
The wight is heavily damaged.
Okay, then.
You see here a +0 falchion.
The wight attacks as you move away! The wight closely misses you.
The wight attacks as you move away!
The wight hits you with a +1 long sword.
* * * LOW HITPOINT WARNING * * *
You feel drained.
* * * LOW HITPOINT WARNING * * *
The wight attacks as you move away!
The wight hits you with a +1 long sword!
You die...

...# ##.....##
#.....##. ...#
##...## #.....##.
##'## #.).รท###. #.#
#.#.## #. #.#
#.#.####.
##.########........
##.........###.#####
#.....####.# #.#
##.@.## #.# #.#
##z######.###.#
####.###........#
....z....##.#####
####)...[...#
#.########
#########.#
#....[z...#
#.#######.#


You could see 2 wights.

Vanquished Creatures
  Sigmund (D:2)
  A wight (D:3)
  Natasha (twice) (D:3)
  An orc wizard (D:3)
  A worm (D:2)
  A dart slug (D:1)
  4 orcs (D:3)
  2 ball pythons
  4 bats
  6 endoplasms
  4 giant cockroaches (D:2)
  7 goblins
  3 hobgoblins
  6 jackals
  A quokka (D:1)
  A frilled lizard (D:1)
  2 kobolds (D:1)
  6 rats
53 creatures vanquished.

Vanquished Creatures (others)
  A ball python (D:2)
1 creature vanquished.

Grand Total: 54 creatures vanquished

Notes
Turn   | Place    | Note
-------+----------+-------------------------------------------
     0 | D:1      | Gabide the Kobold Monk began the quest for the Orb.
     0 | D:1      | Reached XP level 1. HP: 14/14 MP: 1/1
    29 | D:1      | Found a faded altar of an unknown god.
   140 | D:1      | Reached XP level 2. HP: 19/19 MP: 2/2
   486 | D:1      | Reached XP level 3. HP: 23/23 MP: 3/3
  1455 | D:2      | Noticed Sigmund
  1501 | D:2      | Killed Sigmund
  1502 | D:2      | Reached skill level 5 in Short Blades
  1502 | D:2      | Reached XP level 4. HP: 9/30 MP: 4/4
  1502 | D:2      | Reached XP level 5. HP: 10/34 MP: 5/5
  1502 | D:2      | Reached XP level 6. HP: 12/39 MP: 6/6
  2284 | D:3      | Reached skill level 5 in Dodging
  2460 | D:3      | Noticed Natasha
  2479 | D:3      | Killed Natasha
  2480 | D:3      | Reached skill level 5 in Stealth
  2690 | D:3      | Noticed Natasha
  2703 | D:3      | Killed Natasha
  3178 | D:3      | Slain by a wight

Illustrated notes

Levels and vault maps discovered:
D:1:      wander_arrival_desolate, layout_loops_cross,
          hellmonk_ecumenical_altar_leap_of_faith, minmay_heptomino_o4
D:2:      layout_rooms, chequers_garden, uniq_sigmund
D:3:      layout_loops_corners, trog_wizard, uniq_natasha

Skill      XL: |  1  2  3  4  5  6 |
---------------+-------------------+-----
Stealth        | 3 4 5 |  5.2
Dodging        | 4 5 |  5.2
Fighting       | 4 |  4.8
Short Blades   | 5 |  5.8

Action                   |  1- 3 |  4- 6 || total
-------------------------+-------+-------++-------
Melee: Short sword       |   105 |   115 ||   220
       Punch             |     3 |     1 ||     4
Throw: Dart              |       |     2 ||     2
  Use: Potion            |     6 |     3 ||     9
       Scroll            |       |     7 ||     7
 Stab: Sleeping          |    14 |     9 ||    23
Armor: Robe              |     8 |     6 ||    14
Dodge: Dodged            |    69 |    88 ||   157
